[Event "EYCC Girls-U18 2019"]
[Site "Bratislava"]
[Date "2019.08.05"]
[Round "4.2"]
[White "Beydullayeva, Govhar"]
[Black "Schneider, Jana"]
[Result "1/2-1/2"]
[ECO "E06"]
[WhiteElo "2282"]
[BlackElo "2216"]
[Annotator "NA"]
[PlyCount "101"]
[EventDate "2019.08.02"]
[EventType "swiss"]
[EventCountry "SVK"]
[SourceTitle "playchess.com"]
[Source "ChessBase"]
[SourceQuality "1"]
[TimeControl "40/5400+30:1800+30"]

1. d4 Nf6 2. c4 e6 3. Nf3 d5 4. g3 Be7 5. Bg2 O-O 6. O-O c6 7. Qc2 b6 8. b3 Bb7 9. Nc3 Nbd7 10. Rd1 Rc8 11. e4 dxe4 12. Ng5 c5 13. dxc5 Bxc5 14. Ncxe4 Bxe4 15. Nxe4 Qc7 16. Nxc5 Qxc5 17. Qe2 a5 18. Be3 Qe5 19. Qd2 Qh5 20. h3 Nc5 21. Qd6 Rb8 22. g4 Qg6 23. Bxc5 bxc5 24. Qxc5 h5 25. g5 Ne4 26. Qxa5 Nxg5 27. Qc3 f5 28. h4 Ne4 29. Qe5 Rbc8 30. f3 Ng3 31. Rd7 Rcd8 32. Rad1 Rxd7 33. Rxd7 f4 34. Qg5 Qb1+ 35. Kh2 Qb2 36. c5 Nf1+ 37. Kh3 Ne3 38. c6 Qc3 39. Kh2 Ra8 40. Rd8+ Rxd8 41. Qxd8+ Kh7 42. Kh3 Ng4 43. Qg5 Nf2+ 44. Kh2 Ng4+ 45. fxg4 Qg3+ 46. Kg1 Qe3+ 47. Kf1 Qc1+ 48. Ke2 Qe3+ 49. Kf1 Qc1+ 50. Ke2 Qe3+ 51. Kf1 1/2-1/2

[Event "EYCC Girls-U18 2019"]
[Site "Bratislava"]
[Date "2019.08.05"]
[Round "4.4"]
[White "Antova, Gabriela"]
[Black "Nilssen, Ellen Fredericia"]
[Result "1-0"]
[ECO "D85"]
[WhiteElo "2257"]
[BlackElo "2155"]
[Annotator "NA"]
[PlyCount "83"]
[EventDate "2019.08.02"]
[EventType "swiss"]
[EventCountry "SVK"]
[SourceTitle "playchess.com"]
[Source "ChessBase"]
[SourceQuality "1"]
[TimeControl "40/5400+30:1800+30"]

1. d4 Nf6 2. c4 g6 3. Nc3 d5 4. cxd5 Nxd5 5. Bd2 Bg7 6. e4 Nxc3 7. Bxc3 O-O 8. Qd2 Nc6 9. Nf3 Bg4 10. d5 Bxf3 11. Bxg7 Kxg7 12. gxf3 Ne5 13. O-O-O Qd6 14. f4 Nd7 15. Kb1 f6 16. h4 Nc5 17. f3 e6 18. h5 exd5 19. Qh2 Rh8 20. Rxd5 Qe7 21. Qc2 Ne6 22. h6+ Kf7 23. Bc4 Ke8 24. Rhd1 Rd8 25. Qa4+ c6 26. Rxd8+ Nxd8 27. Qxa7 b5 28. Rxd8+ Kxd8 29. Qb8+ Kd7 30. Qxh8 Qd6 31. Qxh7+ Kd8 32. Qg8+ Kc7 33. Bxb5 cxb5 34. Qd5 Qxf4 35. h7 Qh4 36. Qf7+ Kb6 37. a3 b4 38. axb4 Qe1+ 39. Ka2 Qd1 40. Qe6+ Ka7 41. Qb3 Qh1 42. Qf7+ 1-0

[Event "EYCC Girls-U18 2019"]
[Site "Bratislava"]
[Date "2019.08.05"]
[Round "4.5"]
[White "Nazarova, Anastasia"]
[Black "Ferkova, Dominika"]
[Result "0-1"]
[ECO "B13"]
[WhiteElo "2149"]
[BlackElo "2009"]
[Annotator "NA"]
[PlyCount "116"]
[EventDate "2019.08.02"]
[EventType "swiss"]
[EventCountry "SVK"]
[SourceTitle "playchess.com"]
[Source "ChessBase"]
[SourceQuality "1"]
[TimeControl "40/5400+30:1800+30"]

1. e4 c6 2. d4 d5 3. exd5 cxd5 4. Bd3 Nc6 5. c3 g6 6. Nf3 Bf5 7. Bxf5 gxf5 8. O-O Nf6 9. Re1 e6 10. Bg5 Be7 11. Bh6 Qc7 12. Qd3 Rg8 13. b4 O-O-O 14. b5 Na5 15. Ne5 Ng4 16. Bf4 f6 17. Nxg4 Qxf4 18. Ne3 Qg5 19. g3 f4 20. Ng2 e5 21. Nd2 e4 22. Qc2 Kb8 23. c4 Bb4 24. Nxe4 dxe4 25. Rxe4 fxg3 26. hxg3 Qd2 27. Qxd2 Bxd2 28. c5 b6 29. Nh4 Bc3 30. Rc1 Bxd4 31. c6 Bc5 32. Kf1 Rge8 33. Rxe8 Rxe8 34. Nf5 a6 35. a4 axb5 36. axb5 Re5 37. g4 h5 38. Rd1 hxg4 39. Rd8+ Kc7 40. Rh8 Nxc6 41. Ng7 Nd4 42. Ne8+ Rxe8 43. Rxe8 Nxb5 44. Ke2 f5 45. Rg8 Kd6 46. Rd8+ Ke5 47. Re8+ Kd5 48. Rg8 Kc4 49. Ke1 Nd4 50. Kd2 b5 51. Rh8 b4 52. Rh1 b3 53. Rc1+ Kb4 54. f4 b2 55. Kd3 bxc1=N+ 56. Kd2 Nf3+ 57. Kd1 g3 58. Kc2 g2 0-1

[Event "EYCC Girls-U18 2019"]
[Site "Bratislava"]
[Date "2019.08.05"]
[Round "4.6"]
[White "Radeva, Viktoria"]
[Black "Cramling Bellon, Anna"]
[Result "0-1"]
[ECO "B33"]
[WhiteElo "2247"]
[BlackElo "2030"]
[Annotator "NA"]
[PlyCount "130"]
[EventDate "2019.08.02"]
[EventType "swiss"]
[EventCountry "SVK"]
[SourceTitle "playchess.com"]
[Source "ChessBase"]
[SourceQuality "1"]
[TimeControl "40/5400+30:1800+30"]

1. e4 c5 2. Nf3 e6 3. d4 cxd4 4. Nxd4 Nf6 5. Nc3 Nc6 6. Ndb5 d6 7. Bf4 e5 8. Bg5 a6 9. Na3 b5 10. Nd5 Be7 11. Bxf6 Bxf6 12. c3 Ne7 13. Nxf6+ gxf6 14. Bd3 d5 15. Qe2 Bb7 16. Rd1 Qb6 17. exd5 Bxd5 18. Be4 O-O-O 19. O-O Rhg8 20. c4 Bxe4 21. Qxe4 Rxd1 22. Rxd1 b4 23. c5 Qc6 24. Qxc6+ Nxc6 25. Nc4 Rd8 26. Nd6+ Kc7 27. Kf1 Na5 28. Rc1 Nb7 29. Ne4 Kc6 30. Ke2 f5 31. Ng5 Nxc5 32. Nxh7 Kb6 33. g3 Ne4 34. f3 Rh8 35. fxe4 Rxh7 36. h4 fxe4 37. Rc4 f5 38. Rxb4+ Kc5 39. a3 a5 40. Rb8 f4 41. Rc8+ Kd6 42. Rd8+ Ke6 43. Rf8 fxg3 44. Rg8 Rxh4 45. Rxg3 Rh2+ 46. Ke3 Kd5 47. Rg8 Rxb2 48. Rd8+ Kc4 49. Rc8+ Kb3 50. Kxe4 Kxa3 51. Kxe5 Rd2 52. Ke4 a4 53. Ke3 Rd7 54. Rb8 Ka2 55. Ke2 a3 56. Ke1 Rd3 57. Ke2 Rb3 58. Rd8 Ka1 59. Rd1+ Rb1 60. Rd8 a2 61. Kd2 Kb2 62. Rb8+ Ka3 63. Ra8+ Kb3 64. Rb8+ Kc4 65. Rc8+ Kd5 0-1

[Event "EYCC Girls-U18 2019"]
[Site "Bratislava"]
[Date "2019.08.05"]
[Round "4.7"]
[White "Goltseva, Ekaterina"]
[Black "Sibajeva, Marija"]
[Result "1-0"]
[ECO "D85"]
[WhiteElo "2304"]
[BlackElo "2031"]
[Annotator "NA"]
[PlyCount "55"]
[EventDate "2019.08.02"]
[EventType "swiss"]
[EventCountry "SVK"]
[SourceTitle "playchess.com"]
[Source "ChessBase"]
[SourceQuality "1"]
[TimeControl "40/5400+30:1800+30"]

1. d4 Nf6 2. c4 g6 3. Nc3 d5 4. cxd5 Nxd5 5. e4 Nxc3 6. bxc3 Bg7 7. Nf3 c5 8. Rb1 O-O 9. Be2 cxd4 10. cxd4 Qa5+ 11. Bd2 Qxa2 12. O-O Bg4 13. Bg5 h6 14. Bh4 Rd8 15. d5 g5 16. Bg3 Nd7 17. Rxb7 Nc5 18. Rxe7 Bf6 19. Rxf7 Nxe4 20. Rxf6 Nxf6 21. Qd4 Qxe2 22. Qxf6 Rxd5 23. Be5 Rd7 24. Qg6+ Kf8 25. Qxh6+ Ke8 26. Qg6+ Kf8 27. Re1 Qd3 28. Qf6+ 1-0

[Event "EYCC Girls-U18 2019"]
[Site "Bratislava"]
[Date "2019.08.05"]
[Round "4.8"]
[White "Hryshchenko, Kamila"]
[Black "Muetsch, Annmarie"]
[Result "0-1"]
[ECO "C95"]
[WhiteElo "2060"]
[BlackElo "2266"]
[Annotator "NA"]
[PlyCount "176"]
[EventDate "2019.08.02"]
[EventType "swiss"]
[EventCountry "SVK"]
[SourceTitle "playchess.com"]
[Source "ChessBase"]
[SourceQuality "1"]
[TimeControl "40/5400+30:1800+30"]

1. e4 e5 2. Nf3 Nc6 3. Bb5 a6 4. Ba4 Nf6 5. O-O Be7 6. Re1 b5 7. Bb3 d6 8. c3 O-O 9. h3 Nb8 10. d4 Nbd7 11. Nbd2 Bb7 12. Bc2 Re8 13. Nf1 Bf8 14. Ng3 g6 15. a4 Bg7 16. d5 Nb6 17. a5 Nc8 18. b3 c6 19. c4 cxd5 20. cxd5 Ne7 21. Ba3 Rf8 22. Qe2 h6 23. Rad1 Ne8 24. Bb4 Bc8 25. Kh1 Ra7 26. Bb1 f5 27. exf5 Nxf5 28. Bxf5 gxf5 29. Qe3 Raf7 30. Qb6 Qxb6 31. axb6 Rb7 32. Rc1 Bd7 33. Nh4 Rxb6 34. Ng6 Rf7 35. Nh5 Kh7 36. Nxg7 Kxg7 37. Nh4 Rb8 38. Ra1 Bc8 39. Rec1 Bb7 40. Rd1 Rc8 41. Ra2 f4 42. Kg1 Kf6 43. g4 fxg3 44. fxg3 Ke7 45. g4 Ng7 46. Rad2 Kd7 47. Rd3 h5 48. Ng2 hxg4 49. hxg4 Ne8 50. Rh3 Rg7 51. Ne3 a5 52. Bxa5 Nf6 53. Kf1 Rcg8 54. Ke2 Nxg4 55. Nxg4 Rxg4 56. Rh7+ R8g7 57. Rxg7+ Rxg7 58. Kf3 Rf7+ 59. Ke3 Rh7 60. b4 Rh4 61. Kf3 Rf4+ 62. Ke3 Ke7 63. Rd2 Rh4 64. Rd1 Rh3+ 65. Kf2 Kf6 66. Bc7 Ke7 67. Ba5 Rc3 68. Ke2 Rc4 69. Ke3 Ba8 70. Rd2 Rh4 71. Rd1 Bb7 72. Rd2 Rf4 73. Rd1 Bc8 74. Rc1 Bd7 75. Rc2 Rh4 76. Rc1 Rd4 77. Rc2 Rxd5 78. Rd2 Rxd2 79. Kxd2 d5 80. Bc7 Ke6 81. Bb6 d4 82. Bc5 Kd5 83. Bf8 e4 84. Bh6 e3+ 85. Ke2 Ke4 86. Bg7 Bg4+ 87. Ke1 d3 88. Bc3 d2+ 0-1

[Event "EYCC Girls-U18 2019"]
[Site "Bratislava"]
[Date "2019.08.05"]
[Round "4.9"]
[White "Sankova, Stella"]
[Black "Sargsyan, Anna M."]
[Result "0-1"]
[ECO "B12"]
[WhiteElo "1997"]
[BlackElo "2229"]
[Annotator "NA"]
[PlyCount "64"]
[EventDate "2019.08.02"]
[EventType "swiss"]
[EventCountry "SVK"]
[SourceTitle "playchess.com"]
[Source "ChessBase"]
[SourceQuality "1"]
[TimeControl "40/5400+30:1800+30"]

1. e4 c6 2. d4 d5 3. e5 Bf5 4. h4 h5 5. c4 e6 6. Nc3 Nd7 7. cxd5 cxd5 8. Bd3 Bxd3 9. Qxd3 Ne7 10. Bg5 Qb6 11. Nf3 Nc6 12. O-O Be7 13. Bxe7 Nxe7 14. b4 O-O 15. Rfc1 Rac8 16. a3 Rc4 17. Na4 Qc6 18. Nc5 b6 19. Nb3 Nf5 20. Nfd2 b5 21. Nxc4 dxc4 22. Na5 Qd5 23. Nxc4 bxc4 24. Qxc4 Qe4 25. d5 Nd4 26. dxe6 Nxe5 27. exf7+ Rxf7 28. Qc8+ Rf8 29. Qh3 Ne2+ 30. Kf1 Nxc1 31. Qe6+ Kh8 32. Rxc1 Rxf2+ 0-1

[Event "EYCC Girls-U18 2019"]
[Site "Bratislava"]
[Date "2019.08.05"]
[Round "4.10"]
[White "Duson, Robin"]
[Black "Ziegenfuss, Antonia"]
[Result "0-1"]
[ECO "D35"]
[WhiteElo "1936"]
[BlackElo "2063"]
[Annotator "NA"]
[PlyCount "28"]
[EventDate "2019.08.02"]
[EventType "swiss"]
[EventCountry "SVK"]
[SourceTitle "playchess.com"]
[Source "ChessBase"]
[SourceQuality "1"]
[TimeControl "40/5400+30:1800+30"]

1. d4 Nf6 2. c4 e6 3. Nc3 d5 4. cxd5 exd5 5. Bg5 c6 6. e3 h6 7. Bh4 Be6 8. Bd3 Nbd7 9. f4 g5 10. fxg5 Ne4 11. Bxe4 dxe4 12. Qh5 Qa5 13. Nge2 Nf6 14. b4 Bxb4 0-1

[Event "EYCC Girls-U18 2019"]
[Site "Bratislava"]
[Date "2019.08.05"]
[Round "4.11"]
[White "Maksimovic, Masa"]
[Black "Grigoryan, Arpine"]
[Result "0-1"]
[ECO "D35"]
[WhiteElo "2102"]
[BlackElo "1996"]
[Annotator "NA"]
[PlyCount "72"]
[EventDate "2019.08.02"]
[EventType "swiss"]
[EventCountry "SVK"]
[SourceTitle "playchess.com"]
[Source "ChessBase"]
[SourceQuality "1"]
[TimeControl "40/5400+30:1800+30"]

1. d4 Nf6 2. c4 e6 3. Nc3 d5 4. cxd5 exd5 5. Bg5 Be7 6. e3 c6 7. Bd3 O-O 8. Qc2 Nbd7 9. Nf3 Re8 10. O-O Nf8 11. h3 Ne4 12. Bxe7 Qxe7 13. Bxe4 dxe4 14. Nd2 f5 15. Rab1 Be6 16. b4 b5 17. a4 a6 18. Ne2 Bd5 19. Nf4 Ne6 20. Nxe6 Qxe6 21. Rfc1 f4 22. exf4 e3 23. Nf1 Be4 24. Qb2 Bxb1 25. Rxb1 exf2+ 26. Qxf2 bxa4 27. Qc2 Qd5 28. Qc5 Qxc5 29. bxc5 Rab8 30. Rc1 a3 31. Ra1 Rb3 32. Nd2 Rc3 33. Kf1 Rc2 34. Nf3 a2 35. Ne5 Rxe5 36. fxe5 Rb2 0-1

[Event "EYCC Girls-U18 2019"]
[Site "Bratislava"]
[Date "2019.08.05"]
[Round "4.12"]
[White "Verbin, Valentina"]
[Black "Grigorieva, Yulia"]
[Result "1/2-1/2"]
[ECO "B12"]
[WhiteElo "1958"]
[BlackElo "2096"]
[Annotator "NA"]
[PlyCount "72"]
[EventDate "2019.08.02"]
[EventType "swiss"]
[EventCountry "SVK"]
[SourceTitle "playchess.com"]
[Source "ChessBase"]
[SourceQuality "1"]
[TimeControl "40/5400+30:1800+30"]

1. e4 c6 2. d4 d5 3. e5 Bf5 4. Nf3 e6 5. Be2 c5 6. c3 Qb6 7. O-O Nc6 8. dxc5 Bxc5 9. b4 Be7 10. Be3 Qc7 11. Nd4 Bxb1 12. Nxc6 Qxc6 13. Rxb1 Qc7 14. Bb5+ Kf8 15. Bd4 g6 16. Qd2 h5 17. Rfc1 Rd8 18. c4 dxc4 19. Bxc4 Qd7 20. Rd1 Nh6 21. Qe2 Qc7 22. Rbc1 Nf5 23. Bb2 Rxd1+ 24. Qxd1 Qb6 25. Bd3 Kg7 26. Bxf5 gxf5 27. Bd4 Qxb4 28. Rb1 Qc4 29. Bxa7 Rd8 30. Qb3 Qe4 31. Qg3+ Kh7 32. Rf1 Ra8 33. Be3 Rxa2 34. Bg5 Bxg5 35. Qxg5 Qg4 36. Qe7 Qg6 1/2-1/2

[Event "EYCC Girls-U18 2019"]
[Site "Bratislava"]
[Date "2019.08.05"]
[Round "4.13"]
[White "Ciocan, Maria-Alexandra"]
[Black "Kostecka, Marika"]
[Result "1/2-1/2"]
[ECO "B50"]
[WhiteElo "2062"]
[BlackElo "1924"]
[Annotator "NA"]
[PlyCount "122"]
[EventDate "2019.08.02"]
[EventType "swiss"]
[EventCountry "SVK"]
[SourceTitle "playchess.com"]
[Source "ChessBase"]
[SourceQuality "1"]
[TimeControl "40/5400+30:1800+30"]

1. e4 c5 2. Nf3 d6 3. c3 Nf6 4. Bd3 Nc6 5. Bc2 Bg4 6. h3 Bh5 7. d3 e5 8. Nbd2 Be7 9. Nf1 Nd7 10. Ng3 Bg6 11. a3 a5 12. a4 O-O 13. h4 h6 14. h5 Bh7 15. Bb3 Kh8 16. O-O Nf6 17. Nd2 d5 18. Qf3 d4 19. Nc4 Ne8 20. Qe2 Nd6 21. f4 Nxc4 22. Bxc4 dxc3 23. bxc3 exf4 24. Bxf4 Bg5 25. Bd5 Bxf4 26. Rxf4 f6 27. Qe3 Qd6 28. Rb1 Rab8 29. Rff1 Qe5 30. Qf4 Qxf4 31. Rxf4 Ne5 32. d4 cxd4 33. cxd4 Nd3 34. Rf3 Nb4 35. Be6 Rfd8 36. Rd1 Rd6 37. d5 Re8 38. Rc1 b6 39. Rfc3 Rdd8 40. Rc8 Rxc8 41. Rxc8 Rxc8 42. Bxc8 Kg8 43. Bf5 Nd3 44. d6 Bxf5 45. Nxf5 Nc5 46. Ne7+ Kf7 47. Nd5 b5 48. axb5 a4 49. Nc3 a3 50. Kf1 Ke6 51. b6 Kxd6 52. Nb5+ Kc6 53. Nxa3 Nxe4 54. g4 Kxb6 55. Nc4+ Kc5 56. Ne3 Nd6 57. Kf2 Kd4 58. Kf3 Ke5 59. Ng2 f5 60. Nh4 fxg4+ 61. Kxg4 Kf6 1/2-1/2

[Event "EYCC Girls-U18 2019"]
[Site "Bratislava"]
[Date "2019.08.05"]
[Round "4.14"]
[White "Chrysogelou, Athanasia-Panagiota"]
[Black "Kucharska, Honorata"]
[Result "0-1"]
[ECO "E83"]
[WhiteElo "1770"]
[BlackElo "2054"]
[Annotator "NA"]
[PlyCount "92"]
[EventDate "2019.08.02"]
[EventType "swiss"]
[EventCountry "SVK"]
[SourceTitle "playchess.com"]
[Source "ChessBase"]
[SourceQuality "1"]
[TimeControl "40/5400+30:1800+30"]

1. d4 Nf6 2. c4 g6 3. Nc3 Bg7 4. e4 d6 5. f3 O-O 6. Nge2 Nc6 7. Be3 a6 8. Qd2 Na5 9. Nc1 Nd7 10. Be2 c5 11. dxc5 dxc5 12. O-O e6 13. Rd1 Qc7 14. Bf1 Ne5 15. Bf4 b6 16. Nb3 Nxb3 17. axb3 Qb7 18. Qd6 Nc6 19. Qc7 Nd4 20. Na4 Ra7 21. Qxb6 e5 22. Bg3 Qxb6 23. Nxb6 Be6 24. Na4 Rc8 25. Ra3 f6 26. Bf2 Bf8 27. Nc3 Rb8 28. Nb5 Raa8 29. Nc7 Ra7 30. Bxd4 cxd4 31. Rxa6 Rxa6 32. Nxa6 Rxb3 33. Nc7 Bf7 34. Rb1 d3 35. Nd5 Bc5+ 36. Kh1 d2 37. Nc3 Bd4 38. Nd1 Kg7 39. Be2 Be8 40. g3 f5 41. exf5 gxf5 42. Kg2 e4 43. fxe4 Bc6 44. Kf1 fxe4 45. Kg2 e3+ 46. Bf3 e2 0-1

[Event "EYCC Girls-U18 2019"]
[Site "Bratislava"]
[Date "2019.08.05"]
[Round "4.15"]
[White "Olde, Grete"]
[Black "Urh, Zala"]
[Result "1-0"]
[ECO "C65"]
[WhiteElo "1955"]
[BlackElo "2072"]
[Annotator "NA"]
[PlyCount "97"]
[EventDate "2019.08.02"]
[EventType "swiss"]
[EventCountry "SVK"]
[SourceTitle "playchess.com"]
[Source "ChessBase"]
[SourceQuality "1"]
[TimeControl "40/5400+30:1800+30"]

1. e4 e5 2. Nf3 Nc6 3. Bb5 Nf6 4. d3 Bc5 5. c3 O-O 6. O-O d6 7. Nbd2 Ne7 8. h3 Ng6 9. Re1 c6 10. Ba4 Bb6 11. Nf1 Nh5 12. Bb3 Nhf4 13. Ng3 Be6 14. Bc2 Re8 15. d4 exd4 16. cxd4 d5 17. e5 f6 18. Bxg6 Nxg6 19. Nh5 fxe5 20. Bg5 Qc7 21. Nxe5 Nxe5 22. Rxe5 Qf7 23. Ng3 h6 24. Bc1 Rf8 25. Re2 Rae8 26. a4 h5 27. Ra3 h4 28. Nf1 Bd7 29. Rf3 Qg6 30. Rxe8 Rxe8 31. Be3 Bf5 32. Nd2 Ba5 33. g4 Bc2 34. Qc1 Bxa4 35. Rf5 Bb5 36. Nf3 Bd8 37. Qc2 Qe6 38. Ne5 g6 39. Rf7 Re7 40. Rf3 Kh7 41. Bg5 Re8 42. Bxd8 Rxd8 43. Rf7+ Kg8 44. Rxb7 Rd6 45. Rxa7 Qf6 46. Qd2 g5 47. Qc2 Qh6 48. Qf5 Rf6 49. Ra8+ 1-0

[Event "EYCC Girls-U18 2019"]
[Site "Bratislava"]
[Date "2019.08.05"]
[Round "4.16"]
[White "Gajcin, Marina"]
[Black "Swiech, Joanna"]
[Result "1-0"]
[ECO "C55"]
[WhiteElo "2267"]
[BlackElo "2025"]
[Annotator "NA"]
[PlyCount "79"]
[EventDate "2019.08.02"]
[EventType "swiss"]
[EventCountry "SVK"]
[SourceTitle "playchess.com"]
[Source "ChessBase"]
[SourceQuality "1"]
[TimeControl "40/5400+30:1800+30"]

1. e4 e5 2. Nf3 Nc6 3. Bc4 Nf6 4. d3 Be7 5. Nc3 d6 6. a3 O-O 7. O-O Na5 8. Ba2 c5 9. h3 Nc6 10. Re1 Be6 11. Nd5 Bxd5 12. exd5 Nb8 13. b4 Nbd7 14. bxc5 Nxc5 15. Be3 Nfd7 16. d4 exd4 17. Bxd4 Bf6 18. c3 Re8 19. Qc2 g6 20. Rxe8+ Qxe8 21. h4 Qe4 22. Qd2 Qe7 23. Re1 Qf8 24. Qe3 h5 25. Ng5 Rc8 26. Bb1 Qg7 27. Bc2 Bxd4 28. cxd4 Na6 29. Bb3 Nc7 30. Qh3 f5 31. Ne6 Nxe6 32. dxe6 Nf6 33. e7+ Kh7 34. Qe3 Ne8 35. Qe6 Rb8 36. Rc1 a6 37. a4 b5 38. a5 Qf6 39. Qg8+ Kh6 40. Qf8+ 1-0

[Event "EYCC Girls-U18 2019"]
[Site "Bratislava"]
[Date "2019.08.05"]
[Round "4.17"]
[White "Represa Perez, Mireya"]
[Black "Stroganova, Karina"]
[Result "1-0"]
[ECO "B01"]
[WhiteElo "2017"]
[BlackElo "1875"]
[Annotator "NA"]
[PlyCount "49"]
[EventDate "2019.08.02"]
[EventType "swiss"]
[EventCountry "SVK"]
[SourceTitle "playchess.com"]
[Source "ChessBase"]
[SourceQuality "1"]
[TimeControl "40/5400+30:1800+30"]

1. e4 d5 2. exd5 Qxd5 3. Nc3 Qd8 4. d4 Nf6 5. Bg5 g6 6. Qd2 Bg7 7. O-O-O O-O 8. h4 b6 9. Bh6 Bb7 10. h5 Bxh6 11. Qxh6 Nxh5 12. Rxh5 gxh5 13. Rd3 Bc8 14. Rg3+ Bg4 15. Qxh5 f5 16. Nf3 Qd6 17. Ne5 Nd7 18. Nxg4 Kh8 19. Rh3 Qf4+ 20. Kb1 Nf6 21. Nxf6 h6 22. Nfd5 Qd2 23. Re3 Qxd4 24. Qxh6+ Kg8 25. Nxe7+ 1-0

[Event "EYCC Girls-U18 2019"]
[Site "Bratislava"]
[Date "2019.08.05"]
[Round "4.18"]
[White "Nestorovic, Katarina"]
[Black "Kocyigit, Buse Naz"]
[Result "1-0"]
[ECO "B03"]
[WhiteElo "2179"]
[BlackElo "2045"]
[Annotator "NA"]
[PlyCount "45"]
[EventDate "2019.08.02"]
[EventType "swiss"]
[EventCountry "SVK"]
[SourceTitle "playchess.com"]
[Source "ChessBase"]
[SourceQuality "1"]
[TimeControl "40/5400+30:1800+30"]

1. e4 Nf6 2. e5 Nd5 3. d4 d6 4. f4 dxe5 5. fxe5 Nc6 6. c4 Nb6 7. Nf3 Bg4 8. c5 Bxf3 9. Qxf3 Nxd4 10. Qf2 Nc8 11. Be3 Nc6 12. Bb5 Qd5 13. O-O f6 14. exf6 exf6 15. Nc3 Qh5 16. Rad1 N8e7 17. Qd2 Qg4 18. Bf4 Qf5 19. b4 Qg4 20. h3 Qc8 21. Rfe1 g6 22. Nd5 Kf7 23. Nxc7 1-0

[Event "EYCC Girls-U18 2019"]
[Site "Bratislava"]
[Date "2019.08.05"]
[Round "4.19"]
[White "Smetisko, Marija"]
[Black "Redondo Benavente, Ana"]
[Result "0-1"]
[ECO "C54"]
[WhiteElo "1814"]
[BlackElo "2176"]
[Annotator "NA"]
[PlyCount "60"]
[EventDate "2019.08.02"]
[EventType "swiss"]
[EventCountry "SVK"]
[SourceTitle "playchess.com"]
[Source "ChessBase"]
[SourceQuality "1"]
[TimeControl "40/5400+30:1800+30"]

1. e4 e5 2. Nf3 Nc6 3. Bc4 Bc5 4. c3 Nf6 5. d3 O-O 6. b4 Be7 7. O-O d5 8. exd5 Nxd5 9. h3 a6 10. Re1 Bf6 11. Nfd2 Ndxb4 12. Ne4 Nd5 13. Bxd5 Qxd5 14. Nxf6+ gxf6 15. Bh6 Rd8 16. Qh5 Qxd3 17. Qh4 Qg6 18. Re3 Rd3 19. Nd2 Bf5 20. g4 Rxe3 21. fxe3 Bd3 22. e4 Rd8 23. Kh2 Rd6 24. g5 f5 25. Nf1 Bxe4 26. Ng3 Rd2+ 27. Kg1 Bf3 28. Rb1 f4 29. Rxb7 Rg2+ 30. Kf1 Qd3+ 0-1

[Event "EYCC Girls-U18 2019"]
[Site "Bratislava"]
[Date "2019.08.05"]
[Round "4.20"]
[White "Buchta, Agnieszka"]
[Black "Moscicka, Pola"]
[Result "1-0"]
[ECO "B30"]
[WhiteElo "1818"]
[BlackElo "1870"]
[Annotator "NA"]
[PlyCount "79"]
[EventDate "2019.08.02"]
[EventType "swiss"]
[EventCountry "SVK"]
[SourceTitle "playchess.com"]
[Source "ChessBase"]
[SourceQuality "1"]
[TimeControl "40/5400+30:1800+30"]

1. e4 c5 2. Nf3 Nc6 3. Nc3 e5 4. Bc4 Be7 5. d3 d6 6. O-O Nf6 7. Ng5 O-O 8. f4 exf4 9. Bxf4 Bg4 10. Qd2 Nd4 11. Rf2 Qd7 12. a4 h6 13. Nf3 Bxf3 14. gxf3 Qh3 15. Raf1 Kh7 16. Ne2 Nxe2+ 17. Qxe2 Rad8 18. Rg2 Nh5 19. Bd2 Bf6 20. f4 g6 21. f5 gxf5 22. Rf3 Qh4 23. Be1 Bd4+ 24. Kh1 Qe7 25. Rxf5 Ng7 26. Rf1 Ne6 27. Qh5 Be3 28. Bh4 Bg5 29. Bxe6 fxe6 30. Rxf8 Rxf8 31. Rxg5 Rf1+ 32. Rg1 Qf8 33. Qg4 Qf7 34. Qg2 Rf4 35. Bg3 Rf6 36. Bh4 Rf4 37. Bg3 Rf6 38. e5 Rf5 39. exd6 e5 40. Qe4 1-0